 Dungeon Crawl Stone Soup version 0.28.0-1-gb440e238dd (webtiles) character file.

Game seed: 6717480298010715534

61 croobank the Firebug (level 3, 0/26 HPs)
             Began as a Draconian Fire Elementalist on Feb 19, 2022.
             Was an Initiate of Hepliaklqana.
             Slain by an orc priest (3 damage)
             ... on level 3 of the Dungeon.
             The game lasted 00:06:23 (2644 turns).

croobank the Firebug (Draconian Fire Elementalist)  Turns: 2644, Time: 00:06:31

Health: 0/26       AC:  6    Str: 10    XL:     3   Next: 83%
Magic:  2/6        EV: 12    Int: 17    God:    Hepliaklqana [......]
Gold:   29         SH:  0    Dex: 11    Spells: 3/6 levels left

rFire   . . .      SeeInvis .   a - +0 trident
rCold   . . .      Faith    .   (no shield)
rNeg    . . .      Spirit   .   (armour unavailable)
rPois   .          Reflect  .   (helmet restricted)
rElec   .          Harm     .   (no cloak)
rCorr   .          Rampage  .   (no gloves)
Will    .....                   k - +0 pair of boots
Stlth   ++........              (no amulet)
HPRegen 0.08/turn               (no ring)
MPRegen 0.10/turn               (no ring)

@: no status effects
A: AC +5, unfitting armour, cold-blooded
a: Renounce Religion


You were on level 3 of the Dungeon.
You worshipped Hepliaklqana.
Hepliaklqana was noncommittal.
You visited 1 branch of the dungeon, and saw 3 of its levels.

You collected 87 gold pieces.
You spent 58 gold pieces at shops.

Inventory:

Hand Weapons
 a - a +0 trident (weapon)
 b - a +0 hunting sling
 d - a +0 war axe
Missiles
 c - 46 stones
 e - 17 sling bullets
 h - 4 javelins (quivered)
 i - a throwing net
 j - 18 bolts
Armour
 k - a +0 pair of boots (worn)
Potions
 f - a potion of might
 g - a potion of resistance


   Skills:
 + Level 2.3 Dodging
 + Level 2.3 Stealth
 + Level 2.4 Spellcasting
 + Level 1.8 Conjurations
 + Level 3.4 Fire Magic


You had 3 spell levels left.
You knew the following spells:

 Your Spells              Type           Power      Damage    Failure   Level
a - Foxfire               Conj/Fire      44%        2x1d6     6%          1
b - Scorch                Fire           26%        2d6       7%          2

Your spell library contained the following spells:

 Spells                   Type           Power      Damage    Failure   Level
 Conjure Flame            Conj/Fire      11%        6-21      19%         3
 Inner Flame              Hex/Fire       7%         N/A       26%         3
 Ozocubu's Armour         Ice            2%         N/A       50%         3
 Flame Wave               Conj/Fire      11%        2d5       54%         4
 Metabolic Englaciation   Hex/Ice        1%         N/A       99%         5
 Simulacrum               Ice/Necr       1%         N/A       100%        6


Dungeon Overview and Level Annotations

Branches:
Dungeon (3/15)

Altars:
Hepliaklqana

Shops:
D:2 [


Innate Abilities, Weirdness & Mutations

Your plain brown scales are hard. (AC +5)
You cannot fit into any form of body armour.
You are cold-blooded and may be slowed by cold attacks.


Message History

You kill the orc!
A magic dart appears from out of thin air!
The magic dart hits you!
Casting: Foxfire (safe; 6% risk of failure)
Confirm with . or Enter, or press ? or * to list all spells.
You don't have enough magic to cast this spell.
A hobgoblin comes into view.
A goblin comes into view. It is wielding a +0 club.
The orc priest mumbles some strange prayers to Beogh against you.
Pain shoots through your body!
You reach to attack!
You closely miss the orc priest. You barely miss the orc priest.
The orc priest hits you with a +0 dagger.
You barely miss the orc priest.
You punch the orc priest, but do no damage.
The orc priest hits you but does no damage. x2
You closely miss the orc priest.
The orc priest hits you but does no damage.
You closely miss the orc priest. You tail-slap the orc priest.
The orc priest is moderately wounded.
The orc priest barely misses you.
You hit the orc priest.
The orc priest is severely wounded.
The orc priest hits you but does no damage.
You barely miss the orc priest.
The orc priest is severely wounded.
The orc priest closely misses you.
The orc priest mumbles some strange prayers to Beogh against you.
Beogh smites you!
Ouch! That really hurt!
* * * LOW HITPOINT WARNING * * *
Okay, then.
Okay, then.
As you read the scroll labelled PIYCYE XUZUETT, it crumbles to dust.
Your body is wracked with pain!
* * * LOW HITPOINT WARNING * * *
The orc priest convulses!
Something is bathed in an unholy light!
The goblin convulses!
The hobgoblin convulses!
It was a scroll of torment.
The orc priest hits you with a +0 dagger.
You die...

#>.# #.. #.# .. #.)##
###### . #..####...... .##
#gg....# ..### #.##..####
#.... #o###....# #.... #@#
####.#####)... #.#
#[...........
.#.####.######..... .#.
...#..........[.... ...
......§§≈..........
#.###.#.§§≈≈§≈.........
####.######§§§_≈≈.........
#...)......§≈≈.≈≈.....####
#...........§§.≈≈.....#


You could see an orc priest, a hobgoblin and a goblin.

Vanquished Creatures
  2 adders (D:2)
  A dart slug (D:1)
  3 orcs (D:3)
  3 ball pythons
  6 endoplasms
  2 giant cockroaches (D:2)
  3 goblins
  4 hobgoblins (D:2)
  3 bats
  2 frilled lizards
  4 kobolds
  3 rats (D:2)
36 creatures vanquished.

Vanquished Creatures (others)
  66 foxfires
  25 plants (D:1)
91 creatures vanquished.

Grand Total: 127 creatures vanquished

Notes
Turn   | Place    | Note
-------+----------+-------------------------------------------
     0 | D:1      | croobank the Draconian Fire Elementalist began the quest
                  | for the Orb.
     0 | D:1      | Reached XP level 1. HP: 14/14 MP: 3/3
   740 | D:1      | Reached XP level 2. HP: 20/20 MP: 3/5
  1176 | D:1      | Found a faded altar of an unknown god.
  1433 | D:2      | Learned a level 2 spell: Scorch
  1531 | D:2      | Reached XP level 3. HP: 15/26 MP: 1/6
  2236 | D:2      | Found Wivvasutt's Armour Boutique.
  2244 | D:2      | Bought a +0 pair of boots for 58 gold pieces
  2528 | D:3      | Found a hazy altar of Hepliaklqana.
  2579 | D:3      | Became a worshipper of Hepliaklqana the Forgotten
  2644 | D:3      | Slain by an orc priest

Illustrated notes

Levels and vault maps discovered:
D:1:      roderic_chinese_lattice_arrival, layout_rooms,
          shapermc_ecumenical_altar_mp_urbaneastern, serial_bayou_lagoon_a
D:2:      layout_loops_ring, serial_shops, shop, serial_park_tiny_pond
D:3:      layout_rooms, mainiacjoe_overflow_catwalk, xom_teletrap_fun,
          serial_glass, glass_columns_c, glass_columns_b

Skill      XL: |  1  2 |
---------------+-------+-----
Stealth        | 2 |  2.3
Dodging        | 2 |  2.3
Spellcasting   | |  2.4
Conjurations   | |  1.8
Fire Magic     | |  3.4

Action                   || total
-------------------------++-------
Melee: Unarmed           ||    39
       Tailslap          ||     5
       Trident           ||     7
       Punch             ||     1
Throw: Throwing net      ||     1
 Cast: Foxfire           ||    43
       Scorch            ||     7
  Use: Scroll            ||     6
 Stab: Sleeping          ||     2
Armor: Skin              ||    10
Dodge: Dodged            ||    43
